 Dungeon Crawl Stone Soup version 0.19-a0-379-ge33ada3 (webtiles) character file.

4055 Musica the Prestidigitator (level 10, -3/92 HPs)
             Began as a Deep Dwarf Artificer on May 28, 2016.
             Was a Priest of Hepliaklqana.
             Slain by an ogre
             ... wielding a cursed +0 giant club
              (23 damage)
             ... on level 9 of the Dungeon on May 30, 2016.
             The game lasted 01:01:33 (6991 turns).

Musica the Prestidigitator (Deep Dwarf Artificer)   Turns: 6991, Time: 01:01:34

Health: -3/92      AC:  8    Str: 15    XL:     10   Next: 4%
Magic:  22/22      EV: 12    Int: 12    God:    Hepliaklqana [***...]
Gold:   667        SH:  0    Dex: 15    Spells: 0 memorised, 20 levels left

rFire  . . .     SeeInvis .     w - +1 war axe
rCold  . . .     Gourm    .     y - +0 scale mail
rNeg   . . .     Faith    .     (no shield)
rPois  .         Spirit   .     (helmet restricted)
rElec  .         Dismiss  .     s - +2 cloak
rCorr  .         Reflect  .     x - +1 pair of gloves
SustAt .         Harm     .     (no boots)
MR     +....                    (no amulet)
Stlth  ..........               C - ring of magical power
                                Q - +6 ring of slaying

@: non-regenerating, somewhat resistant to hostile enchantments, extremely
unstealthy
A: damage resistance, recharge devices, beak, horns 1, repulsion field 1,
deformed body, dopey 1, low mp 1, sense surroundings 2, slow regeneration 3
a: Device Recharging, Recall Ancestor, Ancestor Identity, Transference, Renounce
Religion


You were on level 9 of the Dungeon.
You worshipped Hepliaklqana.
Hepliaklqana was most pleased with you.
You were very full.

You visited 1 branch of the dungeon, and saw 9 of its levels.

You collected 667 gold pieces.

Inventory:

Hand Weapons
 a - a +0 short sword
 l - a +0 greatsling
 n - a +0 hand axe
 w - a +1 war axe (weapon)
 U - the +3 arbalest of Piylistry {flame, *Corrode +Blink Int+8 Stlth-}
   (You found it on level 8 of the Dungeon)

   It causes projectiles fired from it to burn those they strike, causing extra
   injury to most foes and up to half again as much damage against particularly
   susceptible opponents.
   It affects your intelligence (+8).
   It lets you blink.
   It may corrode you when you take damage.
   It makes you less stealthy.
Missiles
 h - 49 poisoned needles
 H - 43 sling bullets
 S - 58 bolts
Armour
 b - a +0 leather armour
 s - a +2 cloak (worn)
 x - a +1 pair of gloves (worn)
 y - a +0 scale mail (worn)
 A - a +0 plate armour
 N - a +0 shield
 T - a +2 robe of magic resistance
Jewellery
 C - a ring of magical power (right hand)
 Q - a +6 ring of slaying (left hand)
 R - an uncursed ring of stealth
 V - an uncursed ring of protection from magic
 Y - an uncursed ring of magical power
Wands
 c - a wand of flame (0/48)
 d - a wand of enslavement (10/24)
 e - a wand of random effects (0/48)
 f - a wand of heal wounds (3/9)
 m - a wand of slowing (32/48)
 B - a wand of iceblast (8/15)
 J - a wand of iceblast (2/15)
 K - a wand of slowing (8/48)
 L - a wand of digging (8/24)
 O - a wand of paralysis (0/24)
 X - a wand of paralysis (12/24)
Scrolls
 i - a scroll of fog
 j - 2 scrolls of amnesia
 k - 2 scrolls of enchant armour
 o - 2 scrolls of magic mapping
 q - a scroll of identify
 r - 8 scrolls of teleportation
 u - 6 scrolls of remove curse
 E - 2 scrolls of fear
 G - a scroll of enchant weapon
 P - a scroll of noise
Potions
 t - 2 potions of brilliance
 z - a potion of curing
 D - a potion of flight
 F - a potion of resistance
 I - 2 potions of might
 M - a potion of agility
Comestibles
 g - 3 bread rations
 p - 3 meat rations
 v - a fruit
 W - 2 chunks of flesh


   Skills:
 + Level 6.7 Fighting
 - Level 1.4 Short Blades
 + Level 7.6 Axes
 - Level 3.6 Slings
 * Level 0.9 Crossbows
 - Level 2.1 Dodging
 - Level 1.2 Stealth
 + Level 0.7 Shields
 * Level 5.7 Spellcasting
 + Level 9.2 Evocations


You had 20 spell levels left.
You didn't know any spells.

Dungeon Overview and Level Annotations

Branches:
Dungeon (9/15)             Temple (0/1) D:4
   Lair: D:8-11         Orc: D:9-12

Altars:
Cheibriados
Gozag
Hepliaklqana
Kikubaaqudgha
Qazlal
Trog
Zin
The Shining One

Shops:
D:2 *


Innate Abilities, Weirdness & Mutations

You are resistant to damage.
You can recharge devices by infusing magical energy.
You passively map the area around you.
You do not regenerate naturally.
You have a beak for a mouth.
You have a pair of small horns on your head.
You are surrounded by a mild repulsion field. (EV +2)
Armour fits poorly on your strangely shaped body.
You are dopey. (Int -2)
Your magical capacity is low. (-10% MP)


Message History

The orc warrior hits Pippo with a war axe!
Pippo casts a spell at the orc warrior.
The puff of frost hits the orc warrior.
The orc warrior dies!
You are too injured to fight recklessly!
You are too injured to fight recklessly!
You are too injured to fight recklessly!
You are too injured to fight recklessly!
The orc priest miscasts a cantrip.
You swap places.
A hungry ghost comes into view.
The orc priest hits you with a trident.
You barely miss the orc priest. You headbutt the orc priest.
The orc priest is almost dead.
You slash the ogre!
The ogre is moderately wounded.
The orc priest hits you with a trident.
* * * LOW HITPOINT WARNING * * *
The ogre hits you with a giant club!!
You die...

##.###..##.#######.## *
...........#..........#
##........##..........# ,
##.........#..........#
................>.....#**
..........#...........#.
*
..........##............
* ................R.)..)#
*
..........##....@o....#,
..........##....?O....# *
...............###.##...
..........####.#* Y#* *#*
* ..........# #.. , Y *
..........# #### .W, , ,
........>.## **, .. , ,
...........## , ...**
............# * , *


You could see 2 yaks, a hungry ghost, an ogre, an orc priest and the friendly
Pippo the battlemage.

Vanquished Creatures
  A hungry ghost (D:8)
  A hippogriff (D:7)
  A sky beast (D:6)
  2 black bears (D:6)
  A wasp (D:7)
  An ice beast (D:9)
  A phantom (D:9)
  2 centaurs
  A wolf (D:7)
  4 big kobolds (D:3)
  A wyvern zombie (D:8)
  3 giant frogs
  4 killer bees (D:5)
  2 wights (D:7)
  A howler monkey (D:6)
  A crimson imp (D:6)
  2 jellies
  A quasit (D:6)
  2 hounds (D:9)
  Crazy Yiuf (D:7)
  A giant frog skeleton (D:9)
  A gnoll shaman (D:3)
  Terence (D:2)
  An iguana (D:7)
  Ijyb (D:2)
  2 orc wizards
  2 worker ants (D:4)
  9 gnolls
  7 adders
  2 oozes
  2 worms (D:2)
  2 dart slugs
  18 orcs
  6 bats
  5 giant cockroaches
  8 goblins
  5 hobgoblins
  9 jackals
  4 quokkas
  3 ball pythons
  4 giant newts
  33 kobolds
  A quokka skeleton (D:8)
  A quokka zombie (D:7)
  9 rats
  A fungus (D:4)
171 creatures vanquished.

Vanquished Creatures (collateral kills)
  Pikel (D:7)
  Maurice (D:8)
  Prince Ribbit (D:7)
  A water moccasin (D:7)
  A black bear (D:6)
  2 orc warriors
  2 ogres (D:4)
  2 sky beasts
  A boggart (D:8)
  A centaur (D:8)
  A wolf (D:7)
  A big kobold (D:3)
  A scorpion (D:9)
  3 wights (D:7)
  A howler monkey (D:4)
  A crimson imp (D:7)
  A centaur zombie (D:6)
  An iguana (D:8)
  An orc wizard (D:9)
  3 worker ants
  A hound skeleton (D:5)
  A howler monkey zombie (D:5)
  4 adders
  10 gnolls
  A shadow imp (D:8)
  An ooze (D:3)
  A worm (D:3)
  A dart slug (D:4)
  A giant gecko (D:4)
  7 orcs
  2 goblins (D:3)
  2 jackals
  18 kobolds (D:3)
  A ball python (D:3)
  A quokka zombie (D:5)
  2 fungi
81 creatures vanquished.

Vanquished Creatures (others)
  A slave (D:7)
  A big kobold (D:3)
  A hound (D:7)
  A gnoll (D:3)
  An adder zombie (D:7)
  2 ancestors
  An orc (D:7)
8 creatures vanquished.

Grand Total: 260 creatures vanquished

Notes
Turn   | Place    | Note
--------------------------------------------------------------
     0 | D:1      | Musica the Deep Dwarf Artificer began the quest for the Orb.
     0 | D:1      | Reached XP level 1. HP: 16/16 MP: 3/3
    87 | D:1      | Reached skill level 1 in Fighting
   131 | D:1      | Reached skill level 1 in Short Blades
   207 | D:1      | Reached XP level 2. HP: 20/25 MP: 5/5
   328 | D:1      | Reached skill level 1 in Spellcasting
   379 | D:1      | Reached XP level 3. HP: 19/31 MP: 6/6
   667 | D:2      | Found a faded altar to an unknown god.
   842 | D:2      | Reached skill level 5 in Evocations
   845 | D:2      | Noticed Ijyb
   852 | D:2      | Killed Ijyb
   852 | D:2      | Reached XP level 4. HP: 22/38 MP: 6/8
   879 | D:2      | Noticed Terence
   910 | D:2      | Killed Terence
  1065 | D:2      | Found an opulent altar of Gozag.
  1071 | D:2      | Found Gozag's Platinum Reserve.
  1226 | D:2      | Found a hazy altar of Hepliaklqana.
  1233 | D:2      | Became a worshipper of Hepliaklqana
  1250 | D:2      | Reached skill level 6 in Evocations
  1564 | D:3      | Reached XP level 5. HP: 25/44 MP: 9/9
  1658 | D:3      | Upgraded the game from 0.19-a0-320-gcfc3c9c to 0.19-a0-379-ge33ada3
  1915 | D:3      | Reached skill level 1 in Axes
  2182 | D:3      | Reached XP level 6. HP: 29/52 MP: 11/11
  2271 | D:3      | Reached skill level 7 in Evocations
  2459 | D:3      | Reached XP level 7. HP: 45/61 MP: 12/12
  2846 | D:5      | Entered Level 5 of the Dungeon
  3032 | D:4      | Reached * piety under Hepliaklqana
  3049 | D:4      | Found a staircase to the Ecumenical Temple.
  3913 | D:5      | Reached XP level 8. HP: 27/72 MP: 13/13
  3937 | D:5      | Found a stormy altar of Qazlal.
  4316 | D:6      | Reached skill level 5 in Axes
  4529 | D:6      | Reached ** piety under Hepliaklqana
  4530 | D:6      | Remembered your ancestor Pippo as a battlemage
  4621 | D:6      | Reached skill level 5 in Fighting
  4627 | D:6      | Gained mutation: Your flesh is cold resistant. (rC+) [mutagenic meat]
  4628 | D:6      | Gained mutation: Your body sometimes deteriorates upon taking damage. [mutagenic meat]
  4629 | D:6      | Gained mutation: Your magical capacity is low. (-10% MP) [mutagenic meat]
  4630 | D:6      | Gained mutation: You have a beak for a mouth. [mutagenic meat]
  4642 | D:6      | Gained mutation: Your spells are a little easier to cast, but a little less powerful. [mutagenic meat]
  4643 | D:6      | Gained mutation: You are surrounded by a mild repulsion field. (EV +2) [mutagenic meat]
  4644 | D:6      | Gained mutation: You tend to lose your temper in combat. [mutagenic meat]
  4645 | D:6      | Lost mutation: Your spells are a little easier to cast, but a little less powerful. [mutagenic meat]
  4668 | D:6      | Found a bloodstained altar of Trog.
  4696 | D:6      | Reached skill level 8 in Evocations
  4738 | D:6      | Lost mutation: Your body sometimes deteriorates upon taking damage. [potion of cure mutation]
  4738 | D:6      | Lost mutation: Your magical capacity is low. (-10% MP) [potion of cure mutation]
  4738 | D:6      | Lost mutation: You tend to lose your temper in combat. [potion of cure mutation]
  4738 | D:6      | Lost mutation: Your flesh is cold resistant. (rC+) [potion of cure mutation]
  4741 | D:6      | Gained mutation: You are dopey. (Int -2) [potion of mutation]
  4741 | D:6      | Gained mutation: Armour fits poorly on your strangely shaped body. [potion of mutation]
  4936 | D:6      | Found a glowing silver altar of Zin.
  4942 | D:6      | Found an ancient bone altar of Kikubaaqudgha.
  5050 | D:6      | Found a snail-covered altar of Cheibriados.
  5202 | D:7      | Reached skill level 1 in Slings
  5223 | D:7      | Gained mutation: You have a pair of small horns on your head. [potion of mutation]
  5223 | D:7      | Gained mutation: Your magical capacity is low. (-10% MP) [potion of mutation]
  5241 | D:7      | Gained mutation: You passively map the area around you. [Deep Dwarf growth]
  5241 | D:7      | Reached XP level 9. HP: 43/81 MP: 12/12
  5281 | D:7      | Noticed Pikel
  5292 | D:7      | Killed Pikel
  5324 | D:7      | Noticed Prince Ribbit
  5328 | D:7      | Killed Prince Ribbit
  5373 | D:7      | Reached skill level 5 in Spellcasting
  5763 | D:7      | Noticed Crazy Yiuf
  5772 | D:7      | Killed Crazy Yiuf
  5843 | D:8      | Noticed Grum
  5897 | D:8      | Noticed Maurice
  5904 | D:8      | Killed Maurice
  6027 | D:8      | Found a glowing golden altar of the Shining One.
  6046 | D:8      | Noticed Grum
  6046 | D:8      | Grum changed into Grum the boggart
  6051 | D:8      | Killed Grum the boggart
  6102 | D:8      | Reached skill level 9 in Evocations
  6171 | D:8      | Got a smoking arbalest
  6191 | D:8      | Identified the cursed +3 arbalest of Piylistry {flame, *Corrode +Blink Int+8 Stlth-} (You found it on level 8 of the Dungeon)
  6831 | D:9      | Reached *** piety under Hepliaklqana
  6913 | D:9      | Reached XP level 10. HP: 38/92 MP: 13/13
  6991 | D:9      | Slain by an ogre

Vault maps used:
D:1:      saegor_arrival_simple_e
D:2:      nicolae_gozag_zags_fifth_avenue, marbit_many_paths,
          ecumenical_altar_1, first_bread, hex_intersection, dk_noncrumbling_3,
          serial_bayou_pond_e, bh_chokoban, kennysheep_generic_room_14,
          uniq_terence, uniq_iyjb
D:3:      minmay_goblin_kobold_castle
D:4:      minmay_temple_entry_trees, minmay_gold_behind_fungi,
          kennysheep_generic_room_8
D:5:      grunt_qazlal_sundering
D:6:      trog_ov_bears_minmay, minitemple, roderic_lattice_a,
          cheibriados_altar_wand_db
D:7:      uniq_crazy_yiuf_cottage, uniq_prince_ribbit1, uniq_pikel
D:8:      kennysheep_mini, nicolae_benzene_ring, uniq_grum, uniq_maurice
D:9:      david_orc_5

Skill      XL: |  1  2  3  4  5  6  7  8  9 |
---------------+----------------------------+-----
Fighting       | 1 2 4 5 6 |  6.7
Short Blades   | 1 |  1.4
Spellcasting   | 1 2 3 4 5 |  5.7
Evocations     | 5 6 7 8 9 |  9.2
Axes           | 1 2 4 6 7 |  7.6
Slings         | 1 3 |  3.6
Crossbows      | |  0.9
Dodging        | |  2.1
Stealth        | |  1.2
Shields        | |  0.7

Action                   |  1- 3 |  4- 6 |  7- 9 | 10-12 || total
-------------------------+-------+-------+-------+-------++-------
Melee: Short sword       |    95 |    12 |       |       ||   107
       Hand axe          |       |   245 |    36 |       ||   281
       War axe           |       |       |   224 |     3 ||   227
       Peck              |       |       |    13 |       ||    13
       Headbutt          |       |       |    17 |     1 ||    18
 Fire: Greatsling        |       |       |    27 |       ||    27
       Arbalest          |       |       |    13 |       ||    13
Invok: Recall Ancestor   |       |       |     5 |       ||     5
       Ancestor Life: Ba |       |       |     1 |       ||     1
 Abil: Device Recharging |       |       |     3 |       ||     3
Evoke: Wand              |     8 |    20 |    33 |     2 ||    63
  Use: Potion            |     2 |     4 |    11 |       ||    17
       Scroll            |       |     7 |    13 |       ||    20
 Stab: Confused          |       |     1 |       |       ||     1
       Distracted        |       |     2 |     3 |       ||     5
  Eat: Chunk             |       |     6 |    15 |       ||    21
       Pizza             |       |       |     2 |       ||     2
       Beef jerky        |       |       |     2 |       ||     2
       Fruit             |       |       |    11 |       ||    11
Armor: Leather armour    |    26 |     3 |       |       ||    29
       Scale mail        |       |   100 |   132 |       ||   232
Dodge: Dodged            |    60 |   126 |   165 |       ||   351
Block: Shield            |       |       |    60 |       ||    60
